Map: Romanticide LE

Players

RagnaroK (SHIN)

  • Race: Zerg Zerg
  • Spawn Location: 11:00

PartinG - Winner!

  • Race: Protoss Protoss
  • Spawn Location: 5:00

Event: IEM Katowice 2021

VOD

Have the link to the VOD?

Description

Time

  • Played on: Feb. 25, 2021, 11:10 a.m.
  • Length: 3:59

All games in this series

Show
View Real Time Build Order
Export as new Build Order

RagnaroK Zerg 

Build Orders: Hatch First 

Get SALT Encoding   

  12  0:00  Drone  
  13  0:12  Overlord  
  13  0:16  Drone  
  14  0:31  Drone x2  
  16  0:36  Drone  
  17  0:51  Hatchery  
  17  0:54  Drone  
  17  0:57  Drone  
  18  1:08  Extractor  
  17  1:12  Spawning Pool  
  17  1:15  Drone  
  17  1:19  Drone  
  18  1:30  Drone  
  19  1:40  Drone  
  20  1:51  Drone  
  21  2:02  Queen x2  
  21  2:03  Zergling x2, Drone  
  27  2:09  Extractor  
  27  2:10  Roach Warren  
  27  2:14  Zergling x2  
  26  2:17  Drone  
  27  2:23  Overlord  
  27  2:51  Roach x2  
  31  2:54  Roach  
  31  2:56  Overlord  
  31  2:57  Zergling x2  
  31  2:58  Zergling x2  
  35  3:05  Zergling x2, Spine Crawler  
  35  3:13  Ravager  
  35  3:15  Ravager x2  
  35  3:16  Zergling x4  
  40  3:23  Roach  
  40  3:30  Roach  
  40  3:36  Drone x2  
Show
View Real Time Build Order
Export as new Build Order

PartinG Protoss - Winner!

Build Orders:  

Get SALT Encoding   

  12  0:00  Probe  
  13  0:12  Probe  
  14  0:17  Pylon  
  14  0:25  Probe (Chrono Boost)  
  15  0:36  Gateway  
  15  0:37  Probe (Chrono Boost)  
  16  0:45  Probe (Chrono Boost)  
  16  0:46  Assimilator  
  17  0:51  Probe  
  18  1:03  Probe  
  19  1:05  Forge  
  19  1:12  Pylon  
  19  1:16  Probe  
  20  1:25  Cybernetics Core  
  20  1:36  Pylon  
  20  1:38  Photon Cannon  
  20  1:48  Gateway  
  20  1:52  Pylon  
  20  2:00  Stalker (Chrono Boost)  
  20  2:02  Warp Gate (Chrono Boost)  
  22  2:11  Photon Cannon  
  22  2:27  Stalker (Chrono Boost)  
  24  2:30  Shield Battery  
  24  2:40  Photon Cannon  
  24  2:42  Shield Battery  
  24  2:45  Stalker (Chrono Boost)  
  26  2:58  Photon Cannon  
  26  3:05  Shield Battery  
  26  3:13  Stalker  
  28  3:27  Shield Battery  
  28  3:35  Shield Battery  
  28  3:42  Shield Battery  
  28  3:48  Stalker  
  28  3:53  Stalker  

Tags
 
Add a new tag
Caveats
  • Supply blocks, unpowered buildings, or Contaminate may cause inaccurate times.
  • Supply counts are checked every 10 seconds.